HSSL
BUCHANAN HS @ TACOMA HS TORCHMEN
04/16/2024
 
TOP OF THE 1ST
Buchanan HS batting - Pitching for Tacoma HS Torchmen : LHP Chad Waterman
Pitching: LHP Chad Waterman
Batting: SHB Ken Gibson 0-0: Ball
1-0: Ball
2-0: Foul Ball, location: 2F
2-1: SINGLE (Line Drive, 6MD)
Batting: RHB Dave Sawyer 0-0: Foul Ball, location: 2F
0-1: Ball
1-1: Reached on error, E6 (Groundball, 6M)
Ken Gibson to second
Batting: RHB Ken Miller 0-0: Called Strike
0-1: Fly out, F9 (Flyball, 9M)
Batting: RHB Jason Stover 0-0: Ball
1-0: Called Strike
1-1: Ball
2-1: Ball
3-1: SINGLE (Flyball, 4D)
Ken Gibson to third
Dave Sawyer to second
Runner from 3rd tries for Home, SAFE, no throw or cutoff
Batting: RHB Mike Willis 0-0: Ball
1-0: Swinging Strike
1-1: Ball
Wild Pitch!
Dave Sawyer to third
Jason Stover to second
2-1: Foul Ball, location: 2F
2-2: Fly out, F9 (Flyball, 9M)
Runner from 3rd tags up, SCORES, no throw
Batting: RHB Ryan Lyon 0-0: Foul Ball, location: 2F
0-1: Foul Ball, location: 2F
0-2: Foul Ball, location: 2F
0-2: Ground out 1-3 (Groundball, 15)
Top of the 1st over - 2 run(s), 2 hit(s), 1 error(s), 1 left on base; Buchanan HS 2 - Tacoma HS 0
BOTTOM OF THE 1ST
Tacoma HS Torchmen batting - Pitching for Buchanan HS : RHP Mark Cox
Pitching: RHP Mark Cox
Batting: RHB Cristián Ortega 0-0: Ball
1-0: Swinging Strike
1-1: Ground out 6-3 (Groundball, 6)
Batting: RHB Jeff Vickers 0-0: Ball
1-0: Foul Ball, location: 2F
1-1: Foul Ball, location: 2F
1-2: Strikes out looking
Batting: RHB Millard Ferguson 0-0: SINGLE (Groundball, 4MD)
Batting: LHB Larry Estes 0-0: Called Strike
0-1: Foul Ball, location: 2F
0-2: Foul Ball, location: 2F
0-2: Strikes out swinging
Bottom of the 1st over - 0 run(s), 1 hit(s), 0 error(s), 1 left on base; Buchanan HS 2 - Tacoma HS 0
TOP OF THE 2ND
Buchanan HS batting - Pitching for Tacoma HS Torchmen : LHP Chad Waterman
Batting: RHB Allen Miller 0-0: Ball
1-0: Ground out 6-3 (Groundball, 56)
Batting: RHB Michael Elliott 0-0: Called Strike
0-1: Foul Ball, location: 2F
0-2: Ground out 6-3 (Groundball, 6)
Batting: RHB Ernie Ross 0-0: Ball
1-0: Ball
2-0: Foul Ball, location: 2F
2-1: Foul Ball, location: 2F
2-2: Strikes out swinging
Top of the 2nd over - 0 run(s), 0 hit(s), 0 error(s), 0 left on base; Buchanan HS 2 - Tacoma HS 0
BOTTOM OF THE 2ND
Tacoma HS Torchmen batting - Pitching for Buchanan HS : RHP Mark Cox
Batting: RHB Harold Allen 0-0: Ball
1-0: Ball
2-0: Foul Ball, location: 2F
2-1: Foul Ball, location: 2F
2-2: Ball
3-2: Foul Ball, location: 2F
3-2: Base on Balls
Batting: RHB Dexter Wooten 0-0: Foul Ball, location: 2F
0-1: Called Strike
0-2: Ball
1-2: Grounds into double play, U4-3 (Groundball, 4M)
Batting: RHB Dave MacGruder 0-0: Ball
1-0: Ball
2-0: Ball
3-0: Base on Balls
Batting: LHB Geoffrey Poole 0-0: Called Strike
0-1: Ball
1-1: Fly out, F9 (Flyball, 89M)
Bottom of the 2nd over - 0 run(s), 0 hit(s), 0 error(s), 1 left on base; Buchanan HS 2 - Tacoma HS 0
TOP OF THE 3RD
Buchanan HS batting - Pitching for Tacoma HS Torchmen : LHP Chad Waterman
Batting: SHB Ken Gibson 0-0: Ball
1-0: Swinging Strike
1-1: Ball
2-1: Foul Ball, location: 2F
2-2: Ground out 4-3 (Groundball, 4)
Batting: RHB Dave Sawyer 0-0: Ball
1-0: Called Strike
1-1: Ball
2-1: Fly out, F4 (Line Drive, 6MS)
Batting: RHB Ken Miller 0-0: Fly out, F9 (Flyball, 9M)
Top of the 3rd over - 0 run(s), 0 hit(s), 0 error(s), 0 left on base; Buchanan HS 2 - Tacoma HS 0
BOTTOM OF THE 3RD
Tacoma HS Torchmen batting - Pitching for Buchanan HS : RHP Mark Cox
Batting: RHB Ray Bray 0-0: Ball
1-0: Ground out 6-3 (Groundball, 6M)
Batting: RHB Cristián Ortega 0-0: SINGLE (Line Drive, 89M)
Batting: RHB Jeff Vickers 0-0: Called Strike
0-1: Ball
1-1: Called Strike
1-2: Ball
2-2: Ball
3-2: Fly out, F8 (Flyball, 8RM)
Batting: RHB Millard Ferguson 0-0: Ball
Cristián Ortega is caught stealing 2nd base
Bottom of the 3rd over - 0 run(s), 1 hit(s), 0 error(s), 0 left on base; Buchanan HS 2 - Tacoma HS 0
TOP OF THE 4TH
Buchanan HS batting - Pitching for Tacoma HS Torchmen : LHP Chad Waterman
Batting: RHB Jason Stover 0-0: Ball
1-0: Called Strike
1-1: Ball
2-1: Ball
3-1: Ground out 4-3 (Groundball, 4MS)
Batting: RHB Mike Willis 0-0: Called Strike
0-1: Ball
1-1: Called Strike
1-2: SINGLE (Groundball, 6MD)
Batting: RHB Ryan Lyon 0-0: Foul Ball, location: 2F
0-1: SINGLE (Groundball, 4MD)
Mike Willis to second
Runner from 2nd tries for 3rd, OUT!
Ryan Lyon to second
Batting: RHB Allen Miller 0-0: Foul Ball, location: 2F
0-1: Ball
1-1: Ball
2-1: Ball
3-1: Foul Ball, location: 2F
3-2: Foul Ball, location: 2F
3-2: SINGLE (Groundball, 56D)
Ryan Lyon to third
Ryan Lyon scores
Batting: RHB Michael Elliott 0-0: Foul Ball, location: 2F
0-1: Ball
1-1: Ball
2-1: Ball
3-1: Base on Balls
Allen Miller to second
Batting: RHB Ernie Ross 0-0: Swinging Strike
0-1: Foul Ball, location: 2F
0-2: Ball
1-2: Ball
2-2: SINGLE (Flyball, 9S)
Allen Miller to third
Michael Elliott to second
Runner from 3rd tries for Home, SAFE, no throw or cutoff
Batting: SHB Ken Gibson 0-0: Called Strike
0-1: Ball
1-1: Fly out, F8 (Flyball, 8RM)
Top of the 4th over - 2 run(s), 4 hit(s), 0 error(s), 2 left on base; Buchanan HS 4 - Tacoma HS 0
BOTTOM OF THE 4TH
Tacoma HS Torchmen batting - Pitching for Buchanan HS : RHP Mark Cox
Batting: RHB Millard Ferguson 0-0: Called Strike
0-1: Fly out, F8 (Flyball, 8LD)
Batting: LHB Larry Estes 0-0: Ball
1-0: Fly out, F8 (Flyball, 8LM)
Batting: RHB Harold Allen 0-0: Ground out 5-3 (Groundball, 56)
Bottom of the 4th over - 0 run(s), 0 hit(s), 0 error(s), 0 left on base; Buchanan HS 4 - Tacoma HS 0
TOP OF THE 5TH
Buchanan HS batting - Pitching for Tacoma HS Torchmen : LHP Chad Waterman
Batting: RHB Dave Sawyer 0-0: Ball
1-0: Called Strike
1-1: SINGLE (Groundball, 56D)
Batting: RHB Ken Miller 0-0: Called Strike
0-1: Ball
1-1: Fly out, F3 (Popup, 34D)
Pitching: LHP Jorge Nevárez
Batting: RHB Jason Stover 0-0: Called Strike
Dave Sawyer steals 2nd base
0-1: Swinging Strike
0-2: Ball
1-2: SINGLE (Line Drive, 56D)
Dave Sawyer to third
Batting: RHB Mike Willis 0-0: Called Strike
0-1: Foul Ball, location: 2F
0-2: Ball
1-2: Fly out, F8 (Flyball, 8RM)
Runner from 3rd tags up, SCORES, no throw
Batting: RHB Ryan Lyon 0-0: Ball
1-0: Ball
2-0: Ball
3-0: Called Strike
3-1: Fielders Choice at 2nd, U6 (Groundball, 6M)
Top of the 5th over - 1 run(s), 2 hit(s), 0 error(s), 1 left on base; Buchanan HS 5 - Tacoma HS 0
BOTTOM OF THE 5TH
Tacoma HS Torchmen batting - Pitching for Buchanan HS : RHP Mark Cox
Batting: RHB Dexter Wooten 0-0: Ball
1-0: Ball
2-0: Fly out, F7 (Flyball, 7S)
Batting: RHB Dave MacGruder 0-0: Foul Ball, location: 2F
0-1: Ball
1-1: Foul Ball, location: 2F
1-2: Strikes out looking
Batting: LHB Geoffrey Poole 0-0: Ball
1-0: SINGLE (Line Drive, 89S)
Batting: RHB Ray Bray 0-0: Called Strike
Geoffrey Poole steals 2nd base
0-1: Fly out, F8 (Flyball, 8RS)
Bottom of the 5th over - 0 run(s), 1 hit(s), 0 error(s), 1 left on base; Buchanan HS 5 - Tacoma HS 0
TOP OF THE 6TH
Buchanan HS batting - Pitching for Tacoma HS Torchmen : LHP Jorge Nevárez
Batting: RHB Allen Miller 0-0: Called Strike
0-1: Ball
1-1: Called Strike
1-2: Ball
2-2: Foul Ball, location: 2F
2-2: Foul Ball, location: 2F
2-2: Foul Ball, location: 2F
2-2: Ball
3-2: Ground out 6-3 (Groundball, 6)
Batting: RHB Michael Elliott 0-0: Called Strike
0-1: Called Strike
0-2: Strikes out swinging
Pitching: LHP Enrique Movonda
Batting: RHB Ernie Ross 0-0: Called Strike
0-1: Swinging Strike
0-2: Foul Ball, location: 2F
0-2: Foul Ball, location: 2F
0-2: Strikes out swinging
Top of the 6th over - 0 run(s), 0 hit(s), 0 error(s), 0 left on base; Buchanan HS 5 - Tacoma HS 0
BOTTOM OF THE 6TH
Tacoma HS Torchmen batting - Pitching for Buchanan HS : RHP Mark Cox
Batting: RHB Cristián Ortega 0-0: Swinging Strike
0-1: Foul Ball, location: 2F
0-2: Ball
1-2: Strikes out looking
Batting: RHB Jeff Vickers 0-0: Ball
1-0: Ball
2-0: Fly out, F2 (Popup, 23F)
Batting: RHB Millard Ferguson 0-0: Ball
1-0: Ball
2-0: Called Strike
2-1: Foul Ball, location: 2F
2-2: Ground out 6-3 (Groundball, 6)
Bottom of the 6th over - 0 run(s), 0 hit(s), 0 error(s), 0 left on base; Buchanan HS 5 - Tacoma HS 0
TOP OF THE 7TH
Buchanan HS batting - Pitching for Tacoma HS Torchmen : LHP Enrique Movonda
Batting: SHB Ken Gibson 0-0: Called Strike
0-1: Foul Ball, location: 2F
0-2: Foul Ball, location: 2F
0-2: Ball
1-2: Foul Ball, location: 2F
1-2: Ball
2-2: Foul Ball, location: 2F
2-2: Ball
3-2: Foul Ball, location: 2F
3-2: Base on Balls
Batting: RHB Dave Sawyer 0-0: Sac Bunt - play at first, batter OUT! 1-3
Ken Gibson to second
Batting: RHB Ken Miller 0-0: Called Strike
0-1: Ball
Wild Pitch!
Ken Gibson to third
1-1: Ball
2-1: Ball
3-1: Base on Balls
Batting: RHB Jason Stover 0-0: Ball
1-0: Ball
2-0: Called Strike
2-1: Ball
3-1: DOUBLE (Line Drive, 7M)
Ken Gibson scores
Ken Miller to third
Batting: RHB Mike Willis 0-0: Ball
1-0: Ball
2-0: Ball
Passed Ball!
Ken Miller scores
Jason Stover to third
3-0: Called Strike
3-1: Base on Balls
Batting: RHB Ryan Lyon 0-0: Ball
1-0: Ball
2-0: Called Strike
2-1: Fly out, F8 (Line Drive, 8LS)
Batting: RHB Allen Miller 0-0: Ball
1-0: Fielders Choice at 2nd, 5-4 (Groundball, 56)
Top of the 7th over - 2 run(s), 1 hit(s), 0 error(s), 1 left on base; Buchanan HS 7 - Tacoma HS 0
BOTTOM OF THE 7TH
Tacoma HS Torchmen batting - Pitching for Buchanan HS : RHP Mark Cox
Batting: LHB Larry Estes 0-0: Ball
1-0: Swinging Strike
1-1: Ground out U3 (Groundball, 3)
Batting: RHB Harold Allen 0-0: Ball
1-0: Called Strike
1-1: Ball
2-1: Called Strike
2-2: SINGLE (Groundball, 6M)
Batting: RHB Dexter Wooten 0-0: Ball
1-0: Ball
2-0: Ball
3-0: Called Strike
3-1: Base on Balls
Harold Allen to second
Pitching: LHP James Montgomery
Batting: RHB Dave MacGruder 0-0: Ball
1-0: Ball
2-0: Foul Ball, location: 2F
2-1: Fly out, F7 (Flyball, 7M)
Batting: LHB Geoffrey Poole 0-0: Ball
1-0: Ball
2-0: Called Strike
2-1: SINGLE (Line Drive, 7S)
Harold Allen to third
Dexter Wooten to second
Runner from 3rd tries for Home, SAFE, no throw or cutoff
Batting: RHB Ray Bray 0-0: Swinging Strike
0-1: Called Strike
0-2: Strikes out swinging
Bottom of the 7th over - 1 run(s), 2 hit(s), 0 error(s), 2 left on base; Buchanan HS 7 - Tacoma HS 1
TOP OF THE 8TH
Buchanan HS batting - Pitching for Tacoma HS Torchmen : LHP Enrique Movonda
Pitching: LHP Bradley Hansen
Batting: RHB Michael Elliott 0-0: Called Strike
0-1: Foul Ball, location: 2F
0-2: Ball
1-2: Ball
2-2: Ground out 4-3 (Groundball, 4)
Batting: RHB Ernie Ross 0-0: Called Strike
0-1: Foul Ball, location: 2F
0-2: Ball
1-2: Foul Ball, location: 2F
1-2: Foul Ball, location: 2F
1-2: Ground out 5-3 (Groundball, 5L)
Batting: SHB Ken Gibson 0-0: Ball
1-0: Fly out, F8 (Flyball, 8LS)
Top of the 8th over - 0 run(s), 0 hit(s), 0 error(s), 0 left on base; Buchanan HS 7 - Tacoma HS 1
BOTTOM OF THE 8TH
Tacoma HS Torchmen batting - Pitching for Buchanan HS : LHP James Montgomery
Batting: RHB Cristián Ortega 0-0: SINGLE (Line Drive, 56)
Batting: RHB Jeff Vickers 0-0: Called Strike
0-1: Ball
1-1: Ball
2-1: Ball
3-1: Base on Balls
Cristián Ortega to second
Batting: RHB Millard Ferguson 0-0: SINGLE (Groundball, 56D) (infield hit)
Cristián Ortega to third
Jeff Vickers to second
Batting: LHB Larry Estes 0-0: Called Strike
0-1: SINGLE (Groundball, 34D)
Cristián Ortega scores
Jeff Vickers to third
Millard Ferguson to second
Pitching: LHP Gustavo Sánchez
Batting: RHB Harold Allen 0-0: Ball
1-0: Ball
2-0: Foul Ball, location: 2F
2-1: Swinging Strike
2-2: Strikes out swinging
Batting: RHB Dexter Wooten 0-0: SINGLE (Groundball, 34D)
Jeff Vickers scores
Millard Ferguson to third
Larry Estes to second
Runner from 3rd tries for Home, SAFE, no throw or cutoff
Batting: RHB Dave MacGruder 0-0: Ball
1-0: Ball
2-0: DOUBLE (Line Drive, 5D)
Larry Estes scores
Dexter Wooten to third
Pinch Hitting: RHB Rafael Hill 0-0: Called Strike
0-1: Swinging Strike
0-2: Strikes out swinging
Pinch Hitting: RHB Edison Jones 0-0: Called Strike
0-1: Ball
1-1: Swinging Strike
1-2: Ground out U3 (Groundball, 3L)
Bottom of the 8th over - 4 run(s), 5 hit(s), 0 error(s), 2 left on base; Buchanan HS 7 - Tacoma HS 5
TOP OF THE 9TH
Buchanan HS batting - Pitching for Tacoma HS Torchmen : LHP Bradley Hansen
Now at 1B: Steve Gómez
Now in LF: Edison Jones
Batting: RHB Dave Sawyer 0-0: Ball
1-0: Ball
2-0: Foul Ball, location: 2F
2-1: Foul Ball, location: 2F
2-2: Ball
3-2: Base on Balls
Batting: RHB Ken Miller 0-0: Called Strike
0-1: Foul Ball, location: 2F
0-2: Grounds into double play, 6-4-3 (Groundball, 6M)
Batting: RHB Jason Stover 0-0: Ball
1-0: Called Strike
1-1: Foul Ball, location: 2F
1-2: Ground out 5-3 (Groundball, 56)
Top of the 9th over - 0 run(s), 0 hit(s), 0 error(s), 0 left on base; Buchanan HS 7 - Tacoma HS 5
BOTTOM OF THE 9TH
Tacoma HS Torchmen batting - Pitching for Buchanan HS : LHP Gustavo Sánchez
Pitching: RHP Ramón Rivera
Now at C: Eugene Logan
Now at 1B: Manny Kennedy
Now in CF: Andrew Lockhart
Batting: RHB Cristián Ortega 0-0: Called Strike
0-1: Ball
1-1: Ball
2-1: Swinging Strike
2-2: Ball
3-2: Base on Balls
Batting: RHB Jeff Vickers 0-0: Called Strike
0-1: Ball
1-1: Ball
2-1: Ball
3-1: Called Strike
3-2: Fly out, F9 (Flyball, 9S)
Batting: RHB Millard Ferguson 0-0: Grounds into double play, 5-4-3 (Groundball, 5)
Bottom of the 9th over - 0 run(s), 0 hit(s), 0 error(s), 0 left on base; Buchanan HS 7 - Tacoma HS 5
This league is powered by Out of the Park Baseball, the baseball management simulation game for PC, Mac and Linux
Saturday, April 9th, 2016 - OOTP Baseball 16.8 Build 38